 Dungeon Crawl Stone Soup version 0.32-a0-871-ge202e49faa (webtiles) character file.

Game seed: 2245564643738019087

380 DEFE the Chopper (level 6, 0/70 HPs)
             Began as a Coglin Fighter on Mar 29, 2024.
             Succumbed to a gnoll's poison
             ... on level 3 of the Dungeon.
             The game lasted 00:02:37 (2114 turns).

DEFE the Chopper (Coglin Fighter)                   Turns: 2114, Time: 00:02:38

Health: 0/70       AC: 16    Str: 18    XL:     6   Next: 75%
Magic:  6/6        EV:  4    Int:  7    God:
Gold:   190        SH:  0    Dex: 14    Spells: 5/5 levels left

rFire   . . .        a - +0 war axe {Aida}
rCold   . . .        k - +0 hand axe {Kulveer}
rNeg    . . .        h - +1 plate armour
rPois   .            t - +0 helmet
rElec   .            (no cloak)
rCorr   .            (no gloves)
SInv    .            o - +2 pair of boots
Will    .....        (amulet unavailable) Stlth
                     (ring unavailable)
HPRegen 0.31/turn    (ring unavailable)
MPRegen 0.10/turn    (no gizmo)

%: no passive effects
@: berserking, lethally poisoned (0 -> -15), attractive, revving, very quick
A: off-hand wielding, slow wielding, warmup strikes, no jewellery
a: Invent Gizmo


You were on level 3 of the Dungeon.
You visited 1 branch of the dungeon, and saw 3 of its levels.
You also visited: Sewer.

You collected 190 gold pieces.

Inventory:

Hand Weapons
 a - a +0 war axe (weapon) {Aida}
 k - a +0 hand axe (offhand) {Kulveer}
Armour
 b - a +0 scale mail
 c - a +0 buckler
 h - a +1 plate armour (worn)
 o - a +2 pair of boots (worn)
 t - a +0 helmet (worn)
Scrolls
 e - 2 scrolls of silence
 m - a scroll of vulnerability
 n - a scroll of blinking
 q - a scroll of noise {unknown}
 s - a scroll of fog {unknown}
Potions
 d - 3 potions of might
 f - 2 potions of attraction
 g - a potion of berserk rage
 i - a potion of mutation {unknown}
 j - 3 potions of curing {unknown}
 l - 2 potions of cancellation {unknown}
 p - 2 potions of haste {unknown}
 r - a potion of invisibility {unknown}


   Skills:
 - Level 3.0 Fighting
 + Level 7.0 Axes
 - Level 2.6 Armour
 - Level 2.1 Shields


You had 5 spell levels left.
You didn't know any spells.
Your spell library contained the following spells:

 Spells                   Type           Power      Damage    Failure   Level
 Call Imp                 Summ           0%         N/A       100%        2
 Sublimation of Blood     Necr           0%         N/A       100%        2
 Summon Hydra             Summ           0%         N/A       100%        7


Dungeon Overview and Level Annotations

Branches:
Dungeon (3/15)              Sewer (visited)

Altars:
Sif Muna


Innate Abilities, Weirdness & Mutations

You can wield a second weapon in your off-hand.
It takes a long time for you to wield or remove held weapons.
Your first few attacks do less damage.
You cannot equip rings or amulets.


Message History

The gnoll attacks as it pursues you! The gnoll hits you but does no damage.
Unknown command.
Unknown command.
Unknown command.
You feel very sick. The gnoll attacks as it pursues you!
The gnoll hits you with a +0 flail.
It was a potion of attraction.
You feel attractive to monsters.
You feel sick. The gnoll hits you with a +0 flail.
* * * LOW HITPOINT WARNING * * *
Unknown command.
It was a potion of berserk rage.
A red film seems to cover your vision as you go berserk!
You feel yourself moving faster!
You feel mighty!
You feel sick. The gnoll hits you but does no damage.
You are more poisoned.
The gnoll hits you with a +0 flail!
* * * LOW HITPOINT WARNING * * *
You slash the gnoll with your +0 war axe!
You kill the gnoll!
* * * LOW HITPOINT WARNING * * *
You feel sick. The gnoll closely misses you.
The gnoll is attracted toward you. x2
Unknown command.
You barely miss the gnoll with your +0 war axe.
You barely miss the gnoll with your +0 hand axe.
* * * LOW HITPOINT WARNING * * *
You feel sick. The gnoll hits you but does no damage.
You are more poisoned.
The gnoll hits you but does no damage.
Unknown command.
You slash the gnoll with your +0 hand axe!
You kill the gnoll!
* * * LOW HITPOINT WARNING * * *
You feel very sick.
The gnoll is attracted toward you. x2; Something is attracted toward you.
Your Axes skill increases to level 7!
Unknown command.
You slash the gnoll with your +0 war axe!
You kill the gnoll!
You die...

#..##....#...##. ##.###
#..##..###...#.. #.....#
##..##........... .......##
#.)[÷...###....##
.!......###.).....# #...##
........##........# #...#
........##........# #...#
.......g###...#............
.!.....gg§@.......#########
......w########...# .......
#...# ....... ##### .......
....... ..$.... .......


You could see a gnoll.

Vanquished Creatures
  2 bullfrogs (Sewer)
  A scorpion (D:3)
  An orc priest (D:3)
  Robin (D:3)
  3 gnolls (D:3)
  3 adders
  7 dart slugs
  A ribbon worm (D:2)
  3 orcs (D:3)
  2 endoplasms
  12 giant cockroaches
  8 hobgoblins
  3 jackals (D:1)
  3 quokkas (D:3)
  7 ball pythons
  4 bats
  4 frilled lizards
  12 goblins (D:3)
  4 kobolds
  2 rats (D:1)
83 creatures vanquished.

Notes
Turn   | Place    | Note
-------+----------+-------------------------------------------
     0 | D:1      | DEFE the Coglin Fighter began the quest for the Orb.
     0 | D:1      | Reached XP level 1. HP: 18/18 MP: 1/1
   181 | D:1      | Reached XP level 2. HP: 18/24 MP: 2/2
   295 | D:1      | Reached skill level 3 in Axes
   644 | D:2      | Found a shimmering blue altar of Sif Muna.
   709 | D:2      | Reached XP level 3. HP: 29/29 MP: 3/3
  1290 | D:3      | Reached skill level 4 in Axes
  1407 | D:3      | Reached XP level 4. HP: 35/35 MP: 4/4
  1534 | D:3      | Found a glowing drain.
  1555 | Sewer    | Entered a sewer
  1806 | Sewer    | Reached skill level 5 in Axes
  1806 | Sewer    | Reached XP level 5. HP: 40/41 MP: 5/5
  1875 | Sewer    | Reached skill level 6 in Axes
  1875 | Sewer    | Reached XP level 6. HP: 40/47 MP: 6/6
  1948 | Sewer    | Identified the +7 falchion "Pulimeas" {drain, Str+7}
  1994 | D:3      | Noticed Robin
  2005 | D:3      | Killed Robin
  2113 | D:3      | HP: 3/70 [poisoned by a gnoll]
  2114 | D:3      | Reached skill level 7 in Axes
  2114 | D:3      | Succumbed to a gnoll's poison

Illustrated notes

Levels and vault maps discovered:
D:1:      lemuel_arrival_muddy, layout_rooms, chequers_avenue
D:2:      layout_basic, basic_altar
D:3:      layout_rooms, portal_sewer_entry_f, uniq_robin,
          uniq_crazy_yiuf_cottage

Skill      XL: |  1  2  3  4  5  6 |
---------------+-------------------+-----
Axes           | 3 4 5 6 7 |  7.0
Fighting       | |  3.0
Armour         | |  2.6
Shields        | |  2.1

Action                     |  1- 3 |  4- 6 || total
---------------------------+-------+-------++-------
  Melee: War axe           |    81 |    92 ||   173
         Hand axe          |       |    61 ||    61
    Use: Scroll            |     3 |     2 ||     5
         Potion            |       |     2 ||     2
 Armour: Scale mail        |    19 |       ||    19
         Plate armour      |    69 |   138 ||   207
  Dodge: Dodged            |    24 |    35 ||    59
  Block: Buckler           |    22 |    11 ||    33

Table legend: (Time is in decaauts)
 A = Elapsed time spent in this place.
 B = Non-inter-level travel time spent in this place.
 C = Inter-level travel time spent in this place.
 D = Time resting spent in this place.
 E = Time spent auto-exploring this place.
 F = Levels seen in this place.
 G = Mean time per level.
                   A        B        C        D        E       F      G
               +--------+--------+--------+--------+--------+-----+--------+
         Total |   2200 |   2133 |     67 |    236 |   1168 |   4 |  550.0 |
       Dungeon |   1754 |   1687 |     67 |    100 |   1088 |   3 |  584.7 |
         Sewer |    446 |    446 |      0 |    136 |     80 |   1 |  446.0 |
               +--------+--------+--------+--------+--------+-----+--------+

Top non-repeatable levels by time:
     D:2: 777 daAuts
     D:1: 519 daAuts
     D:3: 457 daAuts
   Sewer: 446 daAuts
